Cogmind - Beta 15 @@@ ROGUE MODE // 2025.07.29 @ 22:10:45 Player: H3-RMN Result: Destroyed by 9J-OLR(R) with Subdweller Machine Gun Performance ------------- Evolutions (0) 0 Regions Visited (3) 600 Robots Destroyed (36) 180 Value Destroyed (634) 634 Prototype IDs (13) 260 Alien Tech Used (0) 0 Bonus (-70) -70 TOTAL SCORE: 1604 Bonus ------- Friendly Fire -70 Cogmind --------- Core Integrity 0/250 Matter 230/300 Energy 250/250 System Corruption 0% Temperature Cool (0) Movement Treading (320) Ox2 Location -10/Subcaves Parts ------- > --- POWER (1) -------- Ion Engine > --- PROPULSION (2) --- Light Treads Compact Wheel > --- UTILITY (2) ------ High-capacity Storage Unit Medium Armor Plating > --- WEAPON (2) ------- Medium Laser Rocket Launcher > --- INVENTORY (20) --- Cargo Legs Small Storage Unit Large Storage Unit High-capacity Matter Pod (200) High-capacity Matter Pod (200) Seismic Detector Transport Network Coupler Rainbow Chip Rocket Launcher Plasma Cutter Multitool Enhanced Flamer Maul Peak State ------------ > --- POWER ------------ Ion Engine > --- PROPULSION ------- Light Treads Compact Wheel > --- UTILITY ---------- High-capacity Storage Unit Medium Armor Plating > --- WEAPON ----------- Medium Laser Maul > --- INVENTORY -------- Cargo Legs Small Storage Unit Large Storage Unit High-capacity Matter Pod High-capacity Matter Pod Seismic Detector Transport Network Coupler Rainbow Chip Rocket Launcher Rocket Launcher Plasma Cutter Multitool Enhanced Flamer [Rating: 13] Favorites ----------- Power Ion Engine Engine Ion Engine Propulsion Light Treads Treads Light Treads Wheel Wheel Utility Medium Armor Plating Device Seismic Detector Storage Large Storage Unit Protection Medium Armor Plating Weapon EM Pulse Gun Energy Gun EM Pulse Gun Ballistic Gun Light Assault Rifle Ballistic Cannon Light Cannon Launcher Rocket Launcher Impact Weapon Maul Build | -11 -10 -10 -10 ------- Run | Yrd Mat Min Sub Slots Evolved . | . . . . Power . | . . . . Propulsion . | . . . . Utility . | . . . . Weapon . | . . . . Parts Attached 28 | 7 9 3 9 Power 3 | 1 1 1 . Engine 3 | 1 1 1 . Core . | . . . . Reactor . | . . . . Propulsion 7 | 2 1 1 3 Treads 3 | 1 1 . 1 Leg . | . . . . Wheel 4 | 1 . 1 2 Hover . | . . . . Flight . | . . . . Utility 8 | 2 2 1 3 Device 1 | 1 . . . Storage 3 | 1 1 1 . Processor . | . . . . Hackware . | . . . . Protection 4 | . 1 . 3 Artifact . | . . . . Weapon 10 | 2 5 . 3 Energy Gun 6 | 2 4 . . Energy Cannon . | . . . . Ballistic Gun 1 | . . . 1 Ballistic Cannon 1 | . . . 1 Launcher 1 | . 1 . . Special Weapon . | . . . . Impact Weapon 1 | . . . 1 Slashing Weapon . | . . . . Piercing Weapon . | . . . . Special Melee Weapon . | . . . . Unidentified Prototypes . | . . . . Parts Lost 10 | . 2 . 8 Power 1 | . 1 . . Propulsion 4 | . 1 . 3 Utility 2 | . . . 2 Weapon 3 | . . . 3 Highest Loss Streak 7 | . 1 . 7 To Critical Strikes . | . . . . Average Backups 15 | 4 13 17 18 Power . | 1 . . . Propulsion 2 | 2 3 3 2 Utility 6 | . 4 7 8 Weapon 5 | 1 5 5 5 Tool/Special . | . . . . Unused Backups 14 | . 3 . 11 Power 1 | . 1 . . Propulsion 1 | . . . 1 Utility 7 | . 1 . 6 Weapon 3 | . 1 . 2 Tool/Special 2 | . . . 2 Average Slot Usage (%) 97 | . 100 100 92 Engine 14 | . 14 14 14 Treads 14 | . 14 14 14 Wheel 13 | . 14 14 13 Storage 14 | . 14 14 14 Protection 13 | . 12 14 13 Energy Gun 23 | . 27 27 12 Peak Build Rating 13 | 7 10 11 13 Average Rating 9 | 5 9 10 10 On Entrance 6 | . 7 10 10 Naked Turns . | . . . . Heaviest Build 58 | 14 36 56 58 Greatest Support 20 | 10 20 20 16 Greatest Overweight (x) 5 | 1 3 5 5 Average Overweight (x) 3 | . 1 4 4 Largest Inventory Capacity 20 | 8 15 20 20 Average Capacity 16 | 7 14 18 20 Most Carried 20 | 6 15 19 20 Average Carried 15 | 4 13 17 18 Final Capacity 20 | 8 15 20 20 Final Carried 19 | 6 15 19 14 Class Distribution -------------------- 100% | Mutant Dominant Class ---------------- Mutant | -10/Materials Mutant | -10/Mines Mutant | -10/Subcaves Resources | -11 -10 -10 -10 ----------- Run | Yrd Mat Min Sub Matter Collected 895 | 263 146 259 227 Remotely . | . . . . Salvage Created 1034 | 29 678 197 130 Parts 68 | 5 44 9 10 Haulers Intercepted 2 | . 2 . . Recyclers Shooed 1 | . . 1 . Parts Field Recycled . | . . . . Retrieved Matter . | . . . . Parts Self-Destructed 3 | . . . 3 Prevented . | . . . . Kills | -11 -10 -10 -10 ------- Run | Yrd Mat Min Sub Combat Hostiles Destroyed 23 | . 16 3 4 Guns 12 | . 10 1 1 AOE 9 | . 5 2 2 Classes Destroyed 10 | 1 7 . 2 Worker 1 | . 1 . . Builder 3 | . 3 . . Tunneler 1 | 1 . . . Hauler 2 | . 2 . . Recycler 3 | . 1 2 . Watcher 3 | . 3 . . Swarmer 12 | . 9 3 . Grunt 7 | . 7 . . Artisan 1 | . . . 1 Subdweller 4 | . . . 4 Best Kill Streak 10 | 1 10 3 2 Combat Bots Only 5 | . 5 3 2 Max Kills in Single Turn 5 | 1 5 1 1 Gunslinging . | . . . . Exploded 3 | . 3 1 1 Melee . | . . . . Uniques/NPCs Destroyed . | . . . . Combat | -11 -10 -10 -10 -------- Run | Yrd Mat Min Sub Hostile Shots Fired 131 | . 65 9 57 Missed 24 | . 16 1 7 Hits 107 | . 49 8 50 Projectile 107 | . 49 8 50 Critical Strikes 1 | . . . 1 Damage Taken 1712 | . 538 70 1104 Core 261 | . 45 . 216 Absorbed by Shields . | . . . . Core Remaining (%) 100 | 100 . . . Volleys Fired 102 | 7 54 6 35 Largest 2 | 2 2 2 2 Hottest 90 | 90 90 80 70 Shots Fired 167 | 12 101 10 44 Gun 135 | 12 97 8 18 Cannon 22 | . . . 22 Launcher 10 | . 4 2 4 Special . | . . . . Kinetic 38 | . . . 38 Thermal 71 | 12 57 . 2 Explosive 10 | . 4 2 4 Electromagnetic 48 | . 40 8 . Robot Hit Streak 14 | 3 10 5 14 Robot Miss Streak 5 | 3 5 1 1 Penetration Max . | . . . . Secondary Targets . | . . . . Shots Hit Robots 112 | 6 65 7 34 Core Hits 50 | 2 33 6 9 Critical Kills . | . . . . Critical Parts Destroyed 1 | . . . 1 Critical Strikes 5 | 1 1 . 3 Burn 3 | 1 1 . 1 Blast 1 | . . . 1 Smash 1 | . . . 1 Melee Attacks 12 | . . . 12 Impact 12 | . . . 12 Slashing . | . . . . Piercing . | . . . . Sneak Attacks . | . . . . Combat Hostiles . | . . . . Follow-up Attacks . | . . . . Damage Inflicted 2695 | 74 1536 216 869 Guns 1139 | 74 870 65 130 Cannons 118 | . . . 118 Explosions 1084 | . 666 151 267 Melee 354 | . . . 354 Ramming . | . . . . Kinetic 223 | . . . 223 Thermal 725 | 74 626 . 25 Explosive 954 | . 536 151 267 Electromagnetic 439 | . 374 65 . Impact 354 | . . . 354 Slashing . | . . . . Piercing . | . . . . Highest Corruption . | . . . . Average Corruption . | . . . . Corruption Purged . | . . . . Corruption Blocked . | . . . . Overload Shots . | . . . . Overflow Damage 115 | . 64 . 51 Projectiles . | . . . . Explosions 64 | . 64 . . Melee 51 | . . . 51 Knockbacks 4 | . . . 4 Impact . | . . . . Kinetic 3 | . . . 3 Secondary 1 | . . . 1 Self-Inflicted Damage 33 | . 33 . . Shots 1 | . 1 . . Rammed . | . . . . Targets Rammed . | . . . . Kicked . | . . . . Crushed . | . . . . Highest Temperature 312 | 45 312 27 252 Average Temperature 79 | 17 86 14 144 Received Heat Transfer 634 | . 192 . 442 Effects 2 | . 2 . . Energy Bleed 1 | . 1 . . Interference 1 | . 1 . . Siege Activations . | . . . . Martial Activations . | . . . . Shielding Activations . | . . . . Robots Disrupted . | . . . . Combat Hostiles . | . . . . Robots Corrupted 1 | . . . 1 Combat Hostiles 1 | . . . 1 Parts Fried 1 | . 1 . . Impact Corruptions 3 | . . . 3 Robots Melted 1 | . 1 . . Combat Hostiles 1 | . 1 . . Parts Melted 4 | . 3 . 1 Heat Transferred 1908 | 284 1476 . 148 Parts Sabotaged . | . . . . Parts Stolen . | . . . . Parts Stripped . | . . . . Power Chain Reactions 3 | . 3 . . Alert | -11 -10 -10 -10 ------- Run | Yrd Mat Min Sub Maximum Alert Level 1 | . 1 . . Low Security (%) 96 | 100 94 100 . Level 1 3 | . 5 . . Level 2 . | . . . . Level 3 . | . . . . Level 4 . | . . . . Level 5 . | . . . . High Security . | . . . . Max Security . | . . . . Peak Influence 223 | 5 223 108 . Initial 7 | . . 7 . Average 55 | . 78 13 . Influence Increases 676 | 5 560 111 . Destroy 0b10 Robot/C 380 | . 320 60 . Destroy 0b10 Robot/NC 65 | 5 50 10 . Destroy Leader 90 | . 80 10 . Successful Hack 30 | . 30 . . Select Force Hacks 60 | . 60 . . Disable Machine 15 | . . 15 . Destroy Structure 36 | . 20 16 . Influence Decreases 676 | 5 540 131 . Entered New Map 13 | . . 13 . Time Decay 643 | 5 520 118 . Lost Part 20 | . 20 . . Squads Dispatched 3 | . 3 . . Investigation 2 | . 2 . . Extermination . | . . . . Reinforcement 1 | . 1 . . Assault . | . . . . Garrison . | . . . . Intercept . | . . . . Searches Triggered . | . . . . Construction Impeded . | . . . . Haulers Reinforced . | . . . . Active Scanning Responses . | . . . . Cargo Convoy Interrupts . | . . . . Stealth | -11 -10 -10 -10 --------- Run | Yrd Mat Min Sub Distress Signals 2 | . 2 . . Communications Jammed . | . . . . Distress Signals . | . . . . Times Spotted 31 | . 22 3 6 Peak Tracking Total 5 | . 5 3 3 Tactical Retreats 1 | . . . 1 Traps | -11 -10 -10 -10 ------- Run | Yrd Mat Min Sub Traps Triggered 1 | . . . 1 Indirectly . | . . . . Trap Hack Attempts . | . . . . Triggered . | . . . . Disarmed . | . . . . Reprogrammed . | . . . . Reused . | . . . . Traps Extracted . | . . . . Installed . | . . . . Triggered . | . . . . Machines | -11 -10 -10 -10 ---------- Run | Yrd Mat Min Sub Machines Disabled 2 | . . 1 1 Max in Single Turn 1 | . . 1 1 Machines Repaired . | . . . . Machines Dismantled . | . . . . Machines Sabotaged . | . . . . Overloaded Fab Kills . | . . . . Hacking | -11 -10 -10 -10 --------- Run | Yrd Mat Min Sub Machines Accessed 9 | . 8 . 1 Terminals 6 | . 6 . . Fabricators . | . . . . Repair Stations . | . . . . Recycling Units 2 | . 2 . . Scanalyzers . | . . . . Garrison Access . | . . . . Total Hacks 29 | . 28 . 1 Successful 19 | . 18 . 1 Failed 9 | . 9 . . Catastrophic . | . . . . Database Lockouts 1 | . 1 . . Manual 19 | . 19 . . Terminals 24 | . 24 . . Fabricators . | . . . . Repair Stations . | . . . . Recycling Units 4 | . 4 . . Scanalyzers . | . . . . Garrison Access . | . . . . Terminal Hacks 6 | . 5 . 1 Part Schematic 1 | . 1 . . Robot Analysis 2 | . 2 . . Prototype ID Bank 1 | . 1 . . Locate Traps 1 | . 1 . . Proto ID Catalog 1 | . . . 1 Fabricator Hacks . | . . . . Repair Station Hacks . | . . . . Recycling Unit Hacks 2 | . 2 . . Report Inventory 2 | . 2 . . Scanalyzer . | . . . . Garrison Access Hacks . | . . . . Unauthorized Hacks 11 | . 11 . . Terminals 9 | . 9 . . Assimilate 1 | . 1 . . Botnet 2 | . 2 . . Skim 6 | . 6 . . Fabricators . | . . . . Repair Stations . | . . . . Recycling Units 2 | . 2 . . Tunnel 2 | . 2 . . Scanalyzers . | . . . . Garrison Access . | . . . . Data Cores Recovered . | . . . . Used . | . . . . Hacking Detections 6 | . 6 . . Full Trace Events 1 | . 1 . . Feedback Events . | . . . . Feedback Blocked . | . . . . Robot Schematics Acquired . | . . . . Robots Built . | . . . . Authchips . | . . . . Time . | . . . . Total Robot Build Rating . | . . . . Part Schematics Acquired 1 | . 1 . . Parts Built . | . . . . Authchips . | . . . . Time . | . . . . Total Part Build Rating . | . . . . Parts Repaired . | . . . . Time . | . . . . Parts Recycled . | . . . . Recycled Matter . | . . . . Retrieved Matter . | . . . . Retrieved Components . | . . . . Parts Scanalyzed . | . . . . Part Schematics Acquired . | . . . . Parts Damaged . | . . . . Bothacking | -11 -10 -10 -10 ------------ Run | Yrd Mat Min Sub Used RIF Installer . | . . . . Robots Hacked . | . . . . Non-combat . | . . . . Combat . | . . . . Robot Hacks Applied . | . . . . Relay Couplers Released . | . . . . Fabnet Peak Effective % . | . . . . Robots Rewired . | . . . . Allies Hacked . | . . . . Hacks Repelled . | . . . . Allies | -11 -10 -10 -10 -------- Run | Yrd Mat Min Sub Total Allies . | . . . . Largest Group . | . . . . Highest-Rated Group . | . . . . Highest-Rated Ally . | . . . . Total Orders . | . . . . Ally Attacks . | . . . . Total Damage . | . . . . Kills . | . . . . Allies Corrupted . | . . . . Allies Melted . | . . . . Intel | -11 -10 -10 -10 ------- Run | Yrd Mat Min Sub Active Infowar (turns) 180 | 37 143 . . Seismic 180 | 37 143 . . Robot Analysis Total 2 | . 2 . . Derelict Logs Recovered 1 | . . 1 . Drone Launches . | . . . . Drone Recoveries . | . . . . Exploration | -11 -10 -10 -10 ------------- Run | Yrd Mat Min Sub Turns Passed 4029 | 93 1865 926 1145 Spaces Moved 1657 | 54 600 594 409 Core 2 | 2 . . . Treads 419 | . 387 32 . Legs . | . . . . Wheels 1236 | 52 213 562 409 Hover . | . . . . Flight . | . . . . Fastest Speed 50 | 50 95 125 145 Average Speed 165 | 88 195 150 152 Slowest Speed 240 | 95 240 240 155 Overloaded Moves . | . . . . Propulsion Burnouts . | . . . . Robots Hopped . | . . . . Potential Cave-ins . | . . . . Cave-ins Triggered . | . . . . Exploration Rate (%) 56 | 4 92 99 32 Regions Visited 3 Branch Regions 2 Pre-discovered Areas 5 | . 3 1 1 Known Exits Taken 1 | . . 1 . Unknown Exits Taken 2 | 1 1 . . Scrap Searched 2 | . . 1 1 Spaces Dug 21 | . 8 . 13 Terrain Destroyed 67 | . 20 22 25 Melee 1 | . . . 1 Projectile . | . . . . AOE 66 | . 20 22 24 Terrain Rammed . | . . . . Walls Destroyed . | . . . . Machines Disabled . | . . . . Actions | -11 -10 -10 -10 --------- Run | Yrd Mat Min Sub Total 2756 | 84 1192 618 862 Wait 906 | 9 509 5 383 Move 1654 | 53 599 593 409 Hop . | . . . . Pick Up 31 | 8 13 5 5 Fast Attach 6 | 5 1 . . Attach 12 | 2 2 . 8 Detach 1 | . 1 . . Swap 19 | . 7 5 7 Drop 13 | . 6 4 3 Fire 102 | 7 54 6 35 Melee 12 | . . . 12 Ram . | . . . . Kick . | . . . . Crush . | . . . . Escape Stasis . | . . . . Rewire . | . . . . Trap . | . . . . Miscellaneous . | . . . . Route ------- -11/Scrapyard -10/Materials (discovered 6 exits: *Mat x3 / [*Min x2] / Sub) -10/Mines (discovered 3 exits: *Mat x2 / *Sub) -10/Subcaves (discovered 2 exits: Mat / Rec) History --------- Turn | Location | Event 16 | -11/Scrapyard | Discovered new exit (range 16) 94 | -11/Scrapyard | Entered Materials 328 | -10/Materials | Build established: Mutant 480 | -10/Materials | Discovered new exit (range 10) 518 | -10/Materials | Discovered new exit (range 16) 594 | -10/Materials | Central database locked down 847 | -10/Materials | Discovered new exit (range 13) 1299 | -10/Materials | Discovered new exit (range 14) 1372 | -10/Materials | Discovered new exit (range 15) 1595 | -10/Materials | Identified exit to Subcaves 1595 | -10/Materials | Learned location of 2 exits from Materials 1641 | -10/Materials | Learned Storage emergency access door positions 1675 | -10/Materials | Learned location of Subcaves (-10) 1700 | -10/Materials | Learned location of 1 exit from Recycling 1714 | -10/Materials | Learned location of 3 exits from Materials 1718 | -10/Materials | Learned location of 2 exits from Mines 1733 | -10/Materials | Learned location of 2 exits from Subcaves 1784 | -10/Materials | Learned 4 Subcaves zone layouts 1959 | -10/Materials | Entered Mines 1960 | -10/Mines | Identified exit to Materials 2015 | -10/Mines | Learned location of Storage (-9) 2885 | -10/Mines | Entered Subcaves 2886 | -10/Subcaves | Identified exit to Recycling 2886 | -10/Subcaves | Identified exit to Materials 2948 | -10/Subcaves | Learned location of Zion (-7) 2948 | -10/Subcaves | Met a Zionite searching for "candidates" 3611 | -10/Subcaves | Visited 4L-MR0's lab 3634 | -10/Subcaves | Found Rainbow Chip 3785 | -10/Subcaves | A Subdweller sparked back to life 3785 | -10/Subcaves | A Subdweller sparked back to life 3785 | -10/Subcaves | A Subdweller sparked back to life 3833 | -10/Subcaves | Core integrity fell below 50% 3861 | -10/Subcaves | Core integrity fell below 20% 3866 | -10/Subcaves | Found Cargo Legs 3889 | -10/Subcaves | Lost 7 parts (3n2u2w) 4028 | -10/Subcaves | Ambushed by Subdweller buried in earth 4030 | -10/Subcaves | Destroyed by 9J-OLR(R) with Subdweller Machine Gun Last Messages --------------- 03844_ Destroyed Scrap Shield. 03844_ 3F-J6S(R) system corrupted by crushing effect. 03853_ Subatomizers dissect the Cargo Legs. 03856_ Med. Armor Plating destroyed. 03858_ Wheel destroyed. 03860_ Destroyed Sub. Machine Gun. 03860_ P7-4CR(R) system corrupted by crushing effect. 03861_ P7-4CR(R) system terminally corrupted. 03862_ Acquired 28 matter. 03866_ Acquired Cargo Legs. 03867_ Acquired 29 matter. 03870_ Acquired 3 matter. 03872_ Acquired 8 matter. 03904_ Q5-BQ9(R) emerges from the Twisted Machinery. 03908_ Q5-BQ9(R) destroyed. 03910_ 23-ZEE(R) destroyed. 03948_ Subatomizers dissect the Lgt. Ion Engine. 03951_ Acquired 21 matter. 03961_ Subatomizers dissect the Lgt. Ion Engine. 04029_ 9J-OLR(R): "THANKSYOU!" Map ----- +----------------------------------------------------+ | & # ## ### #?????????????????????????? | | # ## ##!## #?????????????????????????? | | # # ! ##?????????????????????????? | | #?## ### #& & ###??????????????????????????? | | ???# ##?####& ## ###????????????????????????????? | | ???# #####?# #####??????????????????????????????? | | ??## #####??????????????????????????????????? | | #?# #?????????????????????????????????????? | | #### #????####?????????????????????????????? | | ## ## ##???## ##???????##?###???????????????? | | #?##?#### #??##### #?# ###?????????????? | | ###### #### "### ##????????????? | | ##"" "## #????????????? | | #?# "## #????????????? | | ### ## #?# ""## #????????????? | | ##?## ###### ### " ##???????????? | | #???###????# ## "" ####????????? | | #?????## ??## " * ##???????? | | ????## ## "" " #???????? | | ????# " " " #???????? | | #???# ### "" ### #???????? | | #?????????### " ### #???????? | | # #???????????# ## ## ### %&#???????? | | ## ???????????# ## ###???! #???????? | | ?## #??????????# ### ##?????? ??????? | | ???###??????????# ?##@ ######????????? ????? | | ????????????????## #?## ##??????????????% #???? | | ?????????????????## ### ##???????????????????? | | ?????????????????? # ???????????????????? | | ??????????????????# ## ##??????????????????? | | ?????????????????? ### #???????????????????? | | ?????????????????? #?# R ##???????????????????? | | ?????????????????? ??# #????????????????????? | | ?????????????????? ??# #????????????????????? | | ????????????????? ??######?????????????>??????? | | ?????????????????????????????????????????????????? | | ?????????????????????????????????????????????????? | | ?????????????????????????????????????????????????? | | ?????????????????????????????????????????????????? | | ?????????????????????????????????????????????????? | | ?????????????????????????????????????????????????? | | ?????????????????????????????????????????????????? | | ?????????????????????????????????????????????????? | | ?????????????????????????????????????????????????? | | ?????????????????????????????????????????????????? | | ?????????????????????????????????????????????????? | | ?????????????????????????????????????????????????? | | ?????????????????????????????????????????????????? | | ?????????????????????????????????????????????????? | | ?????????????????????????????????????????????????? | +----------------------------------------------------+ Best States ------------- Heat Dissipation 25 Energy Generation 10 Energy Capacity 250 Matter Stores 300 Matter Capacity 300 Sight Range 16 Terrain Scan Density 10 Armor Coverage 225 Evasion (%) 44 Recoil Reduction 2 Item Schematics ----------------- Hcp. Storage Unit | -10/Materials | Hacked Robot Schematics ------------------ None Fabricated ------------ Nothing Repaired ---------- Nothing Alien Tech Used ----------------- None Achievements -------------- None Challenges ------------ None Game ------ Seed HardcellShadeDeconstructor Manual? 0 Play Time 00:30:29 Cumulative 756.9 hours Start 2025.07.29 @ 19:58:42 End 2025.07.29 @ 22:10:45 Sessions 1 Manual Loads 0 Difficulty Rogue Special Mode None Game No. 288 Rogue 284 Adventurer 4 Explorer 0 Win Type - Total 12 Types 7/1/1/1/0/1/0/0/0/1 Lore% 94 Gallery% 89 Achievement% 87 Wizard Run 0 Options --------- Layout 0 ASCII 0 Keyboard 0 Movement Numpad Keybinds 0 Fullscreen 2 Font 18/CogNarrow Map View 76x50 Zoom Use 0% Tactical HUD 1 Map Filters SHIFT_HUE(110) Filters SHIFT_HUE(250) Steam 1 RUN: 8da54d58-b812-4624-8785-17b45e1f1138